 Dungeon Crawl Stone Soup version 0.29-a0-857-g9b1aa3ac5b (webtiles) character file.

Game seed: 7247024696454524048

118 Zonian the Chiller (level 4, -2/30 HPs)
             Began as a Demonspawn Ice Elementalist on July 16, 2022.
             Was a Believer of Sif Muna.
             Killed by divine providence
             ... invoked by an orc priest
              (8 damage)
             ... on level 3 of the Dungeon.
             The game lasted 00:06:06 (3942 turns).

Zonian the Chiller (Demonspawn Ice Elementalist)    Turns: 3942, Time: 00:06:07

Health: -2/30      AC:  2    Str:  9    XL:     4   Next: 72%
Magic:  7/8        EV: 16    Int: 16    God:    Sif Muna [**....]
Gold:   39         SH:  0    Dex: 15    Spells: 7/8 levels left

rFire   . . .      SeeInvis .   d - +2 dagger (venom)
rCold   . . .      Faith    .   (no shield)
rNeg    . . .      Spirit   .   a - +0 robe
rPois   .          Reflect  .   (no helmet)
rElec   .          Harm     .   (no cloak)
rCorr   .          Rampage  .   (no gloves)
Will    .....                   (no boots)
Stlth   ++........              (no amulet)
HPRegen 0.10/turn               e - +4 ring of evasion
MPRegen 0.11/turn               (no ring)

@: no status effects
A: sturdy frame 1, demonic magic 2
a: Renounce Religion, Channel Magic


You were on level 3 of the Dungeon.
You worshipped Sif Muna.
Sif Muna was pleased with you.
You visited 1 branch of the dungeon, and saw 3 of its levels.

You collected 39 gold pieces.

Inventory:

Hand Weapons
 c - a +1 short sword of venom
 d - a +2 dagger of venom (weapon)
 h - a +1 dagger of speed
Armour
 a - a +0 robe (worn)
Magical Staves
 o - a staff of poison
Jewellery
 e - a +4 ring of evasion (left hand)
 n - a ring of magical power
Scrolls
 g - a scroll of poison {unknown}
 i - a scroll of enchant weapon {unknown}
 m - a scroll of vulnerability {unknown}
 p - 2 scrolls of identify
Potions
 b - 2 potions of magic
 f - 2 potions of resistance
 j - a potion of curing {unknown}
 k - 3 potions of attraction
 l - 2 potions of mutation {unknown}


   Skills:
 + Level 2.5 Dodging
 + Level 2.7 Stealth
 + Level 2.7 Spellcasting
 + Level 4.1 Ice Magic
 + Level 2.1 Invocations


You had 7 spell levels left.
You knew the following spells:

 Your Spells              Type           Power      Damage    Failure   Level
a - Freeze                Ice            60%        1d8       3%          1

Your spell library contained the following spells:

 Spells                   Type           Power      Damage    Failure   Level
 Frozen Ramparts          Ice            30%        1d5       11%         3
 Ozocubu's Armour         Ice            15%        N/A       11%         3
 Hailstorm                Conj/Ice       8%         3d4       63%         4


Dungeon Overview and Level Annotations

Branches:
Dungeon (3/15)

Altars:
Sif Muna


Innate Abilities, Weirdness & Mutations

Your movements are slightly less encumbered by armour. (ER -2)
Spells you cast may paralyse nearby enemies.


Message History

You kill the orc!
Sif Muna accepts your kill.
Unknown command.
You hit the orc.
The orc is poisoned.
The orc is heavily wounded.
You kill the orc!
Sif Muna accepts your kill.
You closely miss the orc.
The orc hits you with a +0 mace of protection!
You barely miss the orc. The orc barely misses you.
You hit the orc but do no damage.
The orc hits you with a +0 mace of protection.
Unknown command.
You hit the orc but do no damage.
The orc is poisoned.
The orc closely misses you.
You hit the orc but do no damage. The orc misses you.
Unknown command.
You completely miss the orc.
The orc is moderately wounded.
The orc misses you.
The orc priest mumbles some strange prayers to Beogh against you.
Beogh smites you!
* * * LOW HITPOINT WARNING * * *
You hit the orc.
The orc is severely wounded.
The orc priest looks braver for a moment.
The orc misses you.
Unknown command.
Casting: Freeze (safe; 3% risk of failure)
Confirm with . or Enter, or press ? or * to list all spells.
Aiming: Freeze (safe; 3% risk of failure)
Press: ? - help, Shift-Dir - straight line, f - orc
Aim: an orc, wielding a +0 mace of protection (severely wounded, very poisoned)
You freeze the orc!
You kill the orc!
Sif Muna accepts your kill. Malevolent energies surge around you.
The orc suddenly stops moving!
The orc priest mumbles some strange prayers to Beogh against you.
Beogh smites you!
You die...

......#....#
.........#.. .
#.##..... ..
#....##.# ...
##..#.####
...#+##...##....
#........†.##.
########.##.....#
#.@)oo.$........#
#########.#.#+###
#...# #...o.
+..>o.oo ##......
#...... ########


You could see an orc priest and an orc (paralysed).

Vanquished Creatures
  An orc priest (D:3)
  3 adders (D:2)
  A worm (D:2)
  A dart slug (D:2)
  7 orcs
  2 ball pythons
  4 bats
  4 endoplasms
  A giant cockroach (D:2)
  4 goblins
  7 hobgoblins
  4 quokkas
  3 frilled lizards
  6 kobolds
  A rat (D:1)
49 creatures vanquished.

Notes
Turn   | Place    | Note
-------+----------+-------------------------------------------
     0 | D:1      | Zonian the Demonspawn Ice Elementalist began the quest for
                  | the Orb.
     0 | D:1      | Reached XP level 1. HP: 13/13 MP: 3/3
   306 | D:1      | Gained mutation: Spells you cast may paralyse adjacent
                  | enemies. [demonic ancestry]
   306 | D:1      | Reached XP level 2. HP: 11/19 MP: 5/5
   779 | D:1      | Noticed a shining eye
   782 | D:1      | Found a faded altar of an unknown god.
   784 | D:1      | Noticed a floating eye
   789 | D:1      | Noticed a floating eye
   789 | D:1      | Noticed a golden eye
   814 | D:1      | Prayed at the altar of an unknown god.
   814 | D:1      | Became a worshipper of Sif Muna the Loreminder
   814 | D:1      | Reached * piety under Sif Muna
  1869 | D:2      | Gained mutation: Your movements are slightly less
                  | encumbered by armour. (ER -2) [demonic ancestry]
  1869 | D:2      | Reached XP level 3. HP: 22/24 MP: 6/6
  2015 | D:2      | Reached skill level 1 in Invocations
  2358 | D:2      | Reached skill level 4 in Ice Magic
  2518 | D:2      | Gained mutation: Spells you cast may paralyse nearby
                  | enemies. [demonic ancestry]
  2518 | D:2      | Reached XP level 4. HP: 29/30 MP: 7/7
  2613 | D:2      | Reached ** piety under Sif Muna
  3942 | D:3      | Killed from afar by an orc priest

Illustrated notes

Levels and vault maps discovered:
D:1:      amcnicky_arrival_feature_with_door, layout_basic,
          hellmonk_ecumenical_altar_watching_god
D:2:      layout_basic
D:3:      layout_basic, corexii_corridor_pit, nicolae_shop_vocational

Skill      XL: |  1  2  3  4 |
---------------+-------------+-----
Dodging        | 2 |  2.5
Stealth        | 2 |  2.7
Invocations    | 1 2 |  2.1
Ice Magic      | 4 |  4.1
Spellcasting   | |  2.7

Action                   |  1- 3 |  4- 6 || total
-------------------------+-------+-------++-------
Melee: Dagger            |    78 |    56 ||   134
       Unarmed           |     1 |       ||     1
       Punch             |     1 |       ||     1
 Cast: Freeze            |     7 |     6 ||    13
  Use: Scroll            |     2 |       ||     2
 Stab: Sleeping          |     3 |     1 ||     4
       Paralysed         |     1 |     1 ||     2
Armor: Robe              |     8 |     3 ||    11
Dodge: Dodged            |    53 |    47 ||   100

Table legend: (Time is in decaauts)
 A = Elapsed time spent in this place.
 B = Non-inter-level travel time spent in this place.
 C = Inter-level travel time spent in this place.
 D = Time resting spent in this place.
 E = Time spent auto-exploring this place.
 F = Levels seen in this place.
 G = Mean time per level.
                   A        B        C        D        E       F      G
               +--------+--------+--------+--------+--------+-----+--------+
         Total |   3943 |   3900 |     43 |   1218 |   2204 |   3 | 1314.3 |
       Dungeon |   3943 |   3900 |     43 |   1218 |   2204 |   3 | 1314.3 |
               +--------+--------+--------+--------+--------+-----+--------+

Top non-repeatable levels by time:
     D:2: 2012 daAuts
     D:1: 1768 daAuts
     D:3: 163 daAuts
